 Dungeon Crawl Stone Soup version 0.31-a0-940-gdaa99269f9 (webtiles) character file.

Game seed: 7254922360436084886

508 lunkers the Martial Artist (level 7, -3/52 HPs)
             Began as a Meteoran Shapeshifter on Oct 20, 2023.
             Slain by Edmund
             ... wielding a +1 heavy dire flail
              (12 damage)
             ... on level 4 of the Dungeon.
             The game lasted 00:04:16 (1206 turns).

lunkers the Martial Artist (Meteoran Shapeshifter)  Turns: 1206, Time: 00:04:16

Health: -3/52      AC: 10    Str: 15    XL:     7   Next: 70%
Magic:  8/8        EV:  4    Int: 13    God:
Gold:   105        SH:  0    Dex: 21    Spells: 6/6 levels left

rFire   . .          .
                       - Unarmed
rCold   . . .        (no shield)
rNeg    . . .        e - +0 plate armour
rPois   .            (helmet currently unavailable)
rElec   .            (cloak currently unavailable)
rCorr   .            (gloves currently unavailable)
SInv    .            (boots currently unavailable)
Will    .....        (no amulet) Stlth
                     m - +6 ring of dexterity
HPRegen 0.28/turn    (no ring)
MPRegen 0.11/turn

%: no passive effects
@: beast-form, glowing
A: beast (slay +3), sense surroundings 1, otherworldly, glowing, explore regen
a: Begin Untransformation


You were on level 4 of the Dungeon.
You were a hulking beast.
You visited 1 branch of the dungeon, and saw 4 of its levels.

You collected 105 gold pieces.

Inventory:

Missiles
 l - a throwing net
Armour
 a - a +0 animal skin
 e - a +0 plate armour (worn)
 o - a +0 buckler
Jewellery
 m - a +6 ring of dexterity (left hand)
 p - a ring of positive energy
Talismans
 c - a beast talisman (active)
 d - a flux talisman
Wands
 b - a wand of iceblast (17)
Scrolls
 g - a scroll of silence {unknown}
 h - 5 scrolls of teleportation
 j - 2 scrolls of identify {unknown}
 q - a scroll of vulnerability {unknown}
Potions
 f - a potion of resistance {unknown}
 i - a potion of brilliance {unknown}
 k - a potion of might {unknown}
 n - 2 potions of heal wounds {unknown}


   Skills:
 - Level 1.1 Fighting
 - Level 2.1 Dodging
 * Level 8.1 Unarmed Combat
 + Level 5.9 Shapeshifting


You had 6 spell levels left.
You didn't know any spells.
Your spell library contained the following spells:

 Spells                   Type           Power      Damage    Failure   Level
 Simulacrum               Ice/Necr       0%         N/A       100%        6
 Ozocubu's Refrigeration  Ice            0%         4d7       100%        7
 Polar Vortex             Ice            0%         N/A       100%        9


Dungeon Overview and Level Annotations

Branches:
Dungeon (4/15) Zot: 1208
 Temple: D:4-7

Altars:

Annotations:
D:4 Edmund


Innate Abilities, Weirdness & Mutations

You are a hulking beast.
Your limbs bulge with bestial killing power. (Slay +3)
You passively map a small area around you.
You are easily found by Zot.
You glow in the dark.
You regain HP and MP as you explore.


Message History

Edmund the Younger comes into view.
He is wielding a +1 heavy dire flail.
Edmund shouts!
You hit Edmund but do no damage.
Edmund hits you with a +1 heavy dire flail!
Okay, then.
You hit Edmund.
Edmund is lightly wounded.
Edmund hits you with a +1 heavy dire flail!!
* * * LOW HITPOINT WARNING * * *
You punch Edmund!
Edmund is moderately wounded.
Unknown command.
You hit Edmund but do no damage.
Edmund is moderately wounded.
Edmund hits you with a +1 heavy dire flail!
* * * LOW HITPOINT WARNING * * *
You hit Edmund.
Edmund is heavily wounded.
Unknown command.
You hit Edmund.
Edmund is heavily wounded.
Edmund hits you with a +1 heavy dire flail.
* * * LOW HITPOINT WARNING * * *
You hit Edmund but do no damage.
Edmund is heavily wounded.
You hit Edmund.
Edmund is heavily wounded.
Edmund barely misses you.
You closely miss Edmund.
Edmund is heavily wounded.
Edmund hits you with a +1 heavy dire flail.
* * * LOW HITPOINT WARNING * * *
You punch Edmund! Your punch misses Edmund.
Edmund is severely wounded.
Unknown command.
You hit Edmund.
Edmund is severely wounded.
Edmund hits you with a +1 heavy dire flail!
You die...
Edmund says, "I'd like to see a scythe do that!"

, , , + * + + , , * * , ,
* , ### ### * , * ##+#
##.##,##.##,** *
##...#####...###...####
##.......'.....'.....+..
*
*#.......###...###...###.
, .......h.###.##
##.####. ,
.......@.+,#+#, #'#....
.........# , ,,#...##.
#.......## , ######.
##.....## * #. ##...#* ,
, ## ##+# * * ,


You could see Edmund.

Vanquished Creatures
  2 black bears (D:4)
  An ogre (D:4)
  A bullfrog (D:3)
  An orc priest (D:3)
  An iguana (D:3)
  7 gnolls (D:3)
  4 adders
  3 orcs (D:3)
  3 endoplasms
  A goblin (D:3)
  5 hobgoblins
  2 kobolds
  6 ball pythons
  A bat (D:1)
  A frilled lizard (D:3)
  5 rats
44 creatures vanquished.

Notes
Turn   | Place    | Note
-------+----------+-------------------------------------------
     0 | D:1      | lunkers the Meteoran Shapeshifter began the quest for the
                  | Orb.
     0 | D:1      | Reached XP level 1. HP: 16/16 MP: 2/2
   294 | D:1      | Reached XP level 2. HP: 23/23 MP: 3/3
   330 | D:1      | Reached skill level 4 in Unarmed Combat
   468 | D:2      | Reached XP level 3. HP: 27/28 MP: 4/4
   704 | D:3      | Reached skill level 5 in Unarmed Combat
   704 | D:3      | Reached XP level 4. HP: 15/35 MP: 5/5
   719 | D:3      | Noticed a bullfrog
   731 | D:3      | Killed a bullfrog
   732 | D:3      | Reached XP level 5. HP: 28/40 MP: 6/6
   735 | D:3      | Reached skill level 6 in Unarmed Combat
   811 | D:3      | Reached XP level 6. HP: 45/47 MP: 7/7
   824 | D:3      | Reached skill level 5 in Shapeshifting
  1043 | D:4      | Noticed a black bear
  1050 | D:4      | Killed a black bear
  1051 | D:4      | Reached skill level 7 in Unarmed Combat
  1051 | D:4      | Reached XP level 7. HP: 46/52 MP: 8/8
  1152 | D:4      | Reached skill level 8 in Unarmed Combat
  1193 | D:4      | Noticed Edmund
  1206 | D:4      | Slain by Edmund

Illustrated notes

Levels and vault maps discovered:
D:1:      dpeg_arrival_rooms_a, layout_basic, serial_shops,
          nicolae_shop_rolled_up, columned_hall_lemuel,
          amcnicky_mini_corridor_feature
D:2:      layout_loops_corners, minmay_misc_feat_alley
D:3:      layout_rooms, lemuel_tele_altar, mainiacjoe_overflow_catch_the_wave,
          minmay_misc_feat_chi, st_stairs_10, grunt_ministairs_14
D:4:      layout_loops_corners, general_overflow_altar, lightli_temple_of_fire,
          nicolae_hexahallways, uniq_duvessa, uniq_edmund

Skill      XL: |  1  2  3  4  5  6  7 |
---------------+----------------------+-----
Unarmed Combat | 4 5 6 7 8 |  8.1
Shapeshifting  | 4 5 |  5.9
Fighting       | |  1.1
Dodging        | |  2.1

Action                     |  1- 3 |  4- 6 |  7- 9 || total
---------------------------+-------+-------+-------++-------
  Melee: Unarmed           |    54 |    58 |    22 ||   134
         Punch             |       |     3 |       ||     3
    Use: Scroll            |     1 |       |       ||     1
         Potion            |       |     1 |       ||     1
 Armour: Plate armour      |    36 |    43 |    17 ||    96
         Skin              |       |    24 |       ||    24
  Dodge: Dodged            |    11 |    10 |     3 ||    24

Table legend: (Time is in decaauts)
 A = Elapsed time spent in this place.
 B = Non-inter-level travel time spent in this place.
 C = Inter-level travel time spent in this place.
 D = Time resting spent in this place.
 E = Time spent auto-exploring this place.
 F = Levels seen in this place.
 G = Mean time per level.
                   A        B        C        D        E       F      G
               +--------+--------+--------+--------+--------+-----+--------+
         Total |   1190 |   1185 |      5 |     15 |    866 |   4 |  297.5 |
       Dungeon |   1190 |   1185 |      5 |     15 |    866 |   4 |  297.5 |
               +--------+--------+--------+--------+--------+-----+--------+

Top non-repeatable levels by time:
     D:2: 338 daAuts
     D:1: 338 daAuts
     D:3: 263 daAuts
     D:4: 250 daAuts
